 Dungeon Crawl Stone Soup version 0.17-a0-469-g696e5a1 (webtiles) character file.

29 inmateoo the Grasshopper (level 3, -1/28 HPs)
             Began as a Demonspawn Warper on Apr 7, 2015.
             Slain by a kobold
             ... wielding a +0 short sword
              (3 damage)
             ... on level 1 of the Dungeon.
             The game lasted 00:02:08 (1053 turns).

inmateoo the Grasshopper (Demonspawn Warper)        Turns: 1053, Time: 00:02:09

Health: -1/28      AC:  2    Str: 11    XL:     3   Next: 1%
Magic:  6/6        EV: 12    Int: 15    God:
Gold:   7          SH:  0    Dex: 12    Spells: 3 memorised, 1 level left

rFire  . . .     SeeInvis .     a - +0 falchion
rCold  . . .     Clarity  .     i - +0 robe
rNeg   . . .     SustAb   .     (no shield)
rPois  .         Gourm    .     (helmet restricted)
rElec  .         Spirit   .     (no cloak)
rCorr  .         Warding  .     (no gloves)
rMut   .         Stasis   .     (no boots)
MR     .....                    (no amulet)
Stlth  +.........               (no ring)
                                (no ring)

@: not resistant to hostile enchantments, very unstealthy
A: antennae 2
a: no special abilities


You were on level 1 of the Dungeon.
You were hungry.

You visited 1 branch of the dungeon, and saw 1 of its levels.

You collected 7 gold pieces.

Inventory:

Hand weapons
 a - a +0 falchion (weapon)
Missiles
 e - 4 tomahawks of dispersal (quivered)
Armour
 i - a +0 robe (worn)
Scrolls
 d - a scroll of blinking
 j - a scroll of remove curse
Potions
 g - a potion of agility {unknown}
 h - a potion of heal wounds {unknown}
Books
 c - a book of Spatial Translocations

   Spells                             Type                      Level
   a - Apportation                    Translocation                1
   b - Blink                          Translocation                2
   c - Shroud of Golubria             Charms/Translocation         2
   d - Portal Projectile              Translocation                3
   e - Teleport Other                 Translocation                3
   f - Passage of Golubria            Translocation                4
Comestibles
 b - a beef jerky
 f - a bread ration


   Skills:
 + Level 2.6 Fighting
 * Level 2.1 Long Blades
 - Level 0.8 Throwing
 + Level 1.1 Armour
 + Level 2.0 Dodging
 + Level 2.1 Spellcasting
 + Level 2.8 Translocations


You had one spell level left.
You knew the following spells:

 Your Spells              Type           Power        Failure   Level  Hunger
a - Apportation           Tloc           ##........   10%         1    #......
b - Blink                 Tloc           N/A          12%         2    ###....
c - Shroud of Golubria    Chrm/Tloc      #.........   21%         2    ###....


Dungeon Overview and Level Annotations

Branches:
Dungeon (1/15)

Altars:


Innate Abilities, Weirdness & Mutations

You have a pair of antennae on your head.


Message History

You closely miss the kobold.
The kobold is severely wounded.
The kobold hits you with a short sword. x2
* * * LOW HITPOINT WARNING * * *
You barely miss the kobold.
The kobold is severely wounded.
The kobold hits you with a short sword.
* * * LOW HITPOINT WARNING * * *
You hit the kobold but do no damage.
The kobold is severely wounded.
The kobold hits you with a short sword.
* * * LOW HITPOINT WARNING * * *
Throwing (i - inventory):
e - 5 tomahawks of dispersal (quivered)
Press: ? - help, Shift-Dir - straight line, f - kobold
Aim: a kobold, wielding a short sword (severely wounded)
You throw a tomahawk of dispersal.
The tomahawk of dispersal closely misses the kobold.
The tomahawk of dispersal hits the hobgoblin but does no damage.
The kobold hits you with a short sword.
You die...

#.#######
#........#
#.......#
#.....##)##
#######.#
............. #.#
.####.....†.. #.# #
#.##..### #.# .#
#.##..# #.# .# #.
#..# #.####.####.
#..#
#.@Kg........#..#
####.........#..#
######.###.###.#..#
#......# #..#
#.####.# ....
#.....>...####
#.#..(..# #.#.....#
#.# #.###


You could see a hobgoblin and a kobold.

Vanquished Creatures
  A bat (D:1)
  A giant cockroach (D:1)
  7 goblins (D:1)
  2 hobgoblins (D:1)
  7 jackals (D:1)
  A giant newt (D:1)
  4 kobolds (D:1)
  2 rats (D:1)
25 creatures vanquished.

Notes
Turn   | Place    | Note
--------------------------------------------------------------
     0 | D:1      | inmateoo, the Demonspawn Warper, began the quest for the Orb.
     0 | D:1      | Reached XP level 1. HP: 16/16 MP: 3/3
    37 | D:1      | Reached skill level 1 in Armour
   306 | D:1      | Gained mutation: You have a pair of small antennae on your head. [demonic ancestry]
   306 | D:1      | Reached XP level 2. HP: 17/23 MP: 5/5
   407 | D:1      | Learned a level 2 spell: Blink
   410 | D:1      | Learned a level 2 spell: Shroud of Golubria
  1043 | D:1      | Gained mutation: You have a pair of antennae on your head. [demonic ancestry]
  1043 | D:1      | Reached XP level 3. HP: 17/28 MP: 6/6
  1053 | D:1      | Slain by a kobold

Action                   || total
-------------------------++-------
Melee: Falchion          ||   116
Throw: Tomahawk          ||     1
  Use: Scroll            ||     1
